 Dungeon Sprint DCSS version 0.21.1-1-g345015f (webtiles) character file.

708 wilfster70 the Carver (level 7, -8/91 HPs)
             Began as a Demonspawn Berserker on June 21, 2018.
             Was a Priest of Trog.
             Mangled by an ice devil (21 damage)
             ... summoned by a kobold demonologist
             ... in the Dungeon (Sprint I: "Red Sonja").
             The game lasted 00:02:24 (400 turns).

wilfster70 the Carver (Demonspawn Berserker)         Turns: 400, Time: 00:02:24

Health: -8/91      AC: 14    Str: 22      XL:     7   Next: 40%
Magic:  7/7        EV: 10    Int:  6 (9)  God:    Trog [***...]
Gold:   308        SH:  4    Dex: 14      Spells: 6/6 levels left

rFire    . . .     SeeInvis .   a - +1 falchion
rCold    . . .     Gourm    .   (no shield)
rNeg     . . .     Faith    .   l - +0 plate armour
rPois    .         Spirit   .   (no helmet)
rElec    .         Reflect  .   (no cloak)
rCorr    .         Harm     .   (no gloves)
MR       .....     NoTele   +   b - +0 pair of boots
Stlth    ..........             (no amulet)
HPRegen  0.25/turn              (no ring)
MPRegen  0.10/turn              (no ring)

@: berserking (expiring), very quick
A: hooves 2, large bone plates 1
a: Berserk, Trog's Hand, Burn Spellbooks, Renounce Religion


You were in the Dungeon.
You worshipped Trog.
Trog was most pleased with you.
You were not hungry.

You visited 1 branch You collected 405 gold pieces.
You spent 97 gold pieces at shops.

Inventory:

Hand Weapons
 a - a +1 falchion (weapon)
Armour
 b - a +0 pair of boots (worn)
 k - a +1 leather armour of cold resistance
 l - a +0 plate armour (worn)
Scrolls
 i - a scroll of blinking
Potions
 d - a potion of curing
 e - 2 potions of heal wounds
 f - a potion of haste
 g - 2 potions of magic
 h - a potion of berserk rage


   Skills:
 + Level 7.9 Fighting
 * Level 9.9 Long Blades
 + Level 6.9 Armour
 + Level 6.9 Dodging


You had 6 spell levels left.
You didn't know any spells.

Dungeon Overview and Level Annotations

Branches:
Dungeon (1/1)

Altars:
Cheibriados
Dithmenos
Elyvilon
Fedhas
Gozag
Hepliaklqana
Kikubaaqudgha
Makhleb
Nemelex Xobeh
Okawaru
Qazlal
Ru
Sif Muna
Trog
Uskayaw
Vehumet
Wu Jian
Xom
Yredelemnul
Zin
The Shining One
Jiyva
Lugonu

Shops:
D ?


Innate Abilities, Weirdness & Mutations

You have hoof-like feet.
You are partially covered in large bone plates. (SH +4)


Message History

You closely miss the kobold demonologist.
The kobold demonologist is severely wounded.
The kobold demonologist looks braver for a moment.
The neqoxec gestures.
You closely miss the kobold demonologist.
The kobold demonologist is severely wounded.
The red devil disappears in a puff of smoke!
The ice devil hits you. The ice devil freezes you!
* * * LOW HITPOINT WARNING * * *
You slash the kobold demonologist!
The kobold demonologist is almost dead.
The neqoxec closely misses you.
You riposte.
You barely miss the neqoxec.
You block the kobold demonologist's attack.
The shadow imp hits you but does no damage.
You barely miss the kobold demonologist.
The kobold demonologist is almost dead.
The ice devil hits you!
* * * LOW HITPOINT WARNING * * *
The ice devil freezes you!!
You die...

#####################
.').#..'..#__#.5@KK5#
.#..').#..'..'.3#45.#
###'#####'#__####5§.+
##..#...#.#### ####
_####..##.#
____##'#_.+
.∩...'..._#
..__##_.#'#
____###+#.#


You could see an ice devil, 2 kobold demonologists, a neqoxec, a white imp, a
shadow imp and 2 ufetubi.

Vanquished Creatures
  A slime creature (D)
  Sigmund (D)
  A yak (D)
  A floating eye (D)
  An ogre (D)
  A jelly (D)
  Ijyb (D)
7 creatures vanquished.

Notes
Turn   | Place    | Note
-------+----------+-------------------------------------------
     0 | D        | wilfster70 the Demonspawn Berserker began the quest for the Orb.
     0 | D        | Reached XP level 1. HP: 18/18 MP: 1/1
     1 | D        | Noticed Ijyb
    18 | D        | Killed Ijyb
    18 | D        | Reached skill level 4 in Long Blades
    18 | D        | Gained mutation: You are partially covered in large bone plates. (SH +4) [demonic ancestry]
    18 | D        | Reached XP level 2. HP: 25/25 MP: 2/2
    73 | D        | Noticed an ogre
    79 | D        | Killed an ogre
    79 | D        | Reached skill level 5 in Long Blades
    79 | D        | Reached XP level 3. HP: 32/32 MP: 3/3
    79 | D        | Reached XP level 4. HP: 38/38 MP: 4/4
   104 | D        | Noticed Sigmund
   117 | D        | Killed Sigmund
   117 | D        | Reached ** piety under Trog
   117 | D        | Reached skill level 7 in Long Blades
   117 | D        | Reached skill level 5 in Armour
   117 | D        | Reached skill level 5 in Dodging
   117 | D        | Gained mutation: You have large cloven feet. [demonic ancestry]
   117 | D        | Reached XP level 5. HP: 45/46 MP: 5/5
   224 | D        | Found an ornate altar of the Wu Jian Council.
   224 | D        | Found a deep blue altar of Sif Muna.
   226 | D        | Found a radiant altar of Vehumet.
   228 | D        | Found a viscous altar of Jiyva.
   228 | D        | Found a corrupted altar of Lugonu.
   228 | D        | Noticed a slime creature
   229 | D        | Found a burning altar of Makhleb.
   229 | D        | Found a shimmering altar of Xom.
   231 | D        | Gained mutation: You have hoof-like feet. [demonic ancestry]
   231 | D        | Reached XP level 6. HP: 53/53 MP: 6/6
   235 | D        | Killed a slime creature
   235 | D        | Reached skill level 9 in Long Blades
   319 | D        | Found Simiem's Magic Scroll Emporium.
   319 | D        | Found an ancient bone altar of Kikubaaqudgha.
   319 | D        | Found a hazy altar of Hepliaklqana.
   319 | D        | Found a hide-covered altar of Uskayaw.
   319 | D        | Found a basalt altar of Yredelemnul.
   319 | D        | Found an opulent altar of Gozag.
   319 | D        | Found a snail-covered altar of Cheibriados.
   319 | D        | Found a sacrificial altar of Ru.
   319 | D        | Found a shadowy altar of Dithmenos.
   319 | D        | Noticed a yak
   327 | D        | Killed a yak
   327 | D        | Reached *** piety under Trog
   327 | D        | Reached XP level 7. HP: 61/61 MP: 7/7
   328 | D        | Found a stormy altar of Qazlal.
   328 | D        | Found a blossoming altar of Fedhas.
   328 | D        | Found a bloodstained altar of Trog.
   328 | D        | Found an iron altar of Okawaru.
   328 | D        | Found a glowing golden altar of the Shining One.
   328 | D        | Found a glowing silver altar of Zin.
   328 | D        | Found a white marble altar of Elyvilon.
   329 | D        | Found a sparkling altar of Nemelex Xobeh.
   335 | D        | Bought a scroll of enchant weapon for 97 gold pieces
   364 | D        | Noticed a kobold demonologist
   365 | D        | Noticed a kobold demonologist
   368 | D        | Noticed a neqoxec
   373 | D        | Noticed a red devil
   387 | D        | Noticed an ice devil
   396 | D        | Noticed a neqoxec
   400 | D        | Mangled by an ice devil

Skill      XL: |  1  2  3  4  5  6 |
---------------+-------------------+-----
Long Blades    | 4 5 7 9 |  9.9
Armour         | 2 4 5 6 |  6.9
Dodging        | 2 4 5 6 |  6.9
Fighting       | 4 6 7 |  7.9

Action                   |  1- 3 |  4- 6 |  7- 9 || total
-------------------------+-------+-------+-------++-------
Melee: Falchion          |    19 |    23 |    33 ||    75
       Kick              |       |     3 |       ||     3
Invok: Berserk           |     2 |     3 |     1 ||     6
       Trog's Hand       |       |       |     1 ||     1
  Use: Scroll            |       |     1 |     1 ||     2
  Eat: Chunk             |       |     2 |       ||     2
       Ration            |       |       |     1 ||     1
Armor: Animal skin       |     1 |       |       ||     1
       Plate armour      |       |     2 |    26 ||    28
Dodge: Dodged            |     8 |     4 |    18 ||    30
Block: Other             |     2 |     2 |    11 ||    15
       Rpst.: Falchion   |     1 |     3 |     3 ||     7
